 Dungeon Crawl Stone Soup version 0.30-a0-241-g1121274140 (webtiles) character file.

Game seed: 12661645229422531660

873 qw the Chopper (level 8, -7/50 HPs)
             Began as a Gargoyle Fighter on Oct 10, 2022.
             Mangled by an ogre
             ... wielding a +0 giant spiked club
              (22 damage)
             ... on level 6 of the Dungeon.
             The game lasted 00:01:41 (5456 turns).

qw the Chopper (Gargoyle Fighter)                   Turns: 5456, Time: 00:01:42

Health: -7/50      AC: 14    Str: 22    XL:     8   Next: 4%
Magic:  8/8        EV:  9    Int:  9    God:
Gold:   265        SH:  4    Dex:  9    Spells: 7/7 levels left

rFire   + . .      SeeInvis .    Y - +1 war axe (freeze)
rCold   + . .      Faith    .    c - +0 buckler
rNeg    + . .      Spirit   .    b - +0 scale mail
rPois   inf        Reflect  .    (no helmet)
rElec   +          Harm     .    g - scarf {rC+ rF+}
rCorr   .          Rampage  .    (no gloves)
Will    .....                    h - +1 pair of boots
Stlth   ..........               (no amulet)
HPRegen 0.28/turn                (no ring)
MPRegen 0.11/turn                (no ring)

@: no status effects
A: sickness immunity, AC +5, negative energy resistance 1, electricity
resistance, torment resistance 1, petrification resistance
a: no special abilities


You were on level 6 of the Dungeon.
You visited 1 branch of the dungeon, and saw 6 of its levels.

You collected 265 gold pieces.


Innate Abilities, Weirdness & Mutations

You are immune to sickness and miasma.
Your stone body is resilient. (AC +5)
You are immune to poison.
You resist negative energy. (rN+)
You are resistant to electric shocks. (rElec)
You are resistant to unholy torment.
You are immune to petrification.


   Skills:
 - Level 5.4 Fighting
 + Level 7.1 Axes
 - Level 3.2 Armour
 - Level 1.3 Dodging
 - Level 3.2 Shields


You had 7 spell levels left.
You didn't know any spells.
Your spell library was empty.

Inventory:

Hand Weapons
 s - a +2 flail of protection
 Y - a +1 war axe of freezing (weapon)
Armour
 a - a +0 cloak
 b - a +0 scale mail (worn)
 c - a +0 buckler (worn)
 g - a scarf of resistance (worn)
 h - a +1 pair of boots (worn)
Potions
 d - 4 potions of might
 e - a potion of invisibility {unknown}
 f - a potion of lignification {unknown}
 i - a potion of magic {unknown}
 j - a potion of haste
 k - 2 potions of attraction
 l - a potion of berserk rage {unknown}
 m - a potion of heal wounds {unknown}
 n - a potion of ambrosia {unknown}
 o - 2 potions of cancellation
 p - a potion of curing {unknown}
 q - a potion of degeneration {unknown}

Dungeon Overview and Level Annotations

Branches:
Dungeon (6/15)
 Temple: D:4-7

Altars:
Dithmenos

Shops:
D:2 [   D:4 :

Annotations:
D:6 Grinder


Message History

You climb downwards.
Grinder shouts!
You hear a shout! x2
Found a stone staircase leading up and a stone staircase leading down.
There is a stone staircase leading up here.
Grinder is nearby!
Existing waypoints: (1) D:4 (2) D:5 Assign waypoint to what number? (0-9, D - delete waypoint) Waypoint 1 re-assigned from D:4 to D:6.
An ogre and an orc come into view.
The ogre shouts!
The orc shouts!
You hear a shout! x2
An orc comes into view. It is wielding a +0 hand axe.
Grinder hits you.
You hear a loud, deep croak!
You closely miss Grinder.
You hear a shout!
Grinder hits you but does no damage.
You closely miss Grinder.
A bullfrog comes into view.
Grinder blinks!
The bullfrog moves out of view.
You closely miss the orc.
An orc comes into view.
It is wielding a +2 short sword of venom.
The orc barely misses you.
You hit the orc. You freeze the orc.
The orc is moderately wounded.
The orc hits you but does no damage.
You slash the orc! You freeze the orc.
You kill the orc!
You hit the ogre. You freeze the ogre.
The ogre hits you with a +0 giant spiked club!
Grinder gestures at you.
You suddenly lose the ability to move!
The ogre hits you with a +0 giant spiked club!!
Grinder hits you.
You writhe in agony.
You can move again.
You hit the ogre. You freeze the ogre.
The ogre is severely wounded.
You slash Grinder!
The ogre hits you with a +0 giant spiked club!!
You die...

. #. # .# ..
# .# .. #..
o# .# ...<#
F## .#
#...###5#.#
#...<.@..#
#.####Oo....#
......##
.###>#.# #.
.# # # .# . #


You could see Grinder, an ogre, a bullfrog and 2 orcs.

Vanquished Creatures
  Sigmund (D:3)
  An ogre (D:5)
  A centaur (D:5)
  A phantom (D:5)
  2 scorpions
  An orc priest (D:4)
  A hound (D:4)
  A jelly (D:5)
  2 iguanas (D:4)
  2 orc wizards
  7 adders
  A white imp (D:5)
  An ufetubus (D:4)
  2 worms
  2 dart slugs
  12 orcs
  5 ball pythons
  5 endoplasms
  4 giant cockroaches
  4 goblins
  4 hobgoblins
  8 jackals
  3 quokkas
  2 bats (D:1)
  4 frilled lizards
  5 kobolds
  10 rats
92 creatures vanquished.

Vanquished Creatures (others)
  A plant (D:3)
1 creature vanquished.

Grand Total: 93 creatures vanquished

Notes
Turn   | Place    | Note
-------+----------+-------------------------------------------
     0 | D:1      | qw the Gargoyle Fighter began the quest for the Orb.
     0 | D:1      | Reached XP level 1. HP: 14/14 MP: 1/1
     0 | D:1      | 0 ||| qw: Version: 0.2-a-17-g06abaee
     0 | D:1      | 0 ||| qw: Game counter: 2374
     0 | D:1      | 0 ||| qw: Always use a shield: true
     0 | D:1      | 0 ||| qw: God list: Okawaru
     0 | D:1      | 0 ||| qw: Allow faded altars: false
     0 | D:1      | 0 ||| qw: Do Orc after D:15 true
     0 | D:1      | 0 ||| qw: Do second Lair branch before Depths: true
     0 | D:1      | 0 ||| qw: Lair rune preference: random
     0 | D:1      | 0 ||| qw: Plans: Normal, Zot:1-4, God:TSO, Crypt, Tomb,
                  | Pan, Slime:5, Hells, Abyss, Orb
     0 | D:1      | 0 ||| PLANNING D:1-11
    70 | D:1      | Reached skill level 2 in Axes
   122 | D:1      | 122 ||| Stepping ~*~*~tactically~*~*~ (stealth).
   127 | D:1      | Reached XP level 2. HP: 19/19 MP: 2/2
   155 | D:1      | 155 ||| DROPPING +0 club.
  1084 | D:1      | 1084 ||| UPGRADING to scarf of resistance.
  1089 | D:1      | 1089 ||| DROPPING scarf of harm.
  1090 | D:1      | 1090 ||| DROPPING ring of magical power.
  1091 | D:1      | 1091 ||| DROPPING ring of wizardry.
  1092 | D:1      | 1092 ||| READING scroll labelled JUYTEX VASHRIXU.
  1093 | D:1      | 1093 ||| READING scroll labelled IPSOOTTOSI.
  1284 | D:2      | Reached skill level 3 in Axes
  1302 | D:2      | Reached XP level 3. HP: 23/23 MP: 3/3
  1360 | D:2      | 1360 ||| DROPPING +0 mace.
  1853 | D:2      | Found Heocw's Antique Armour Shoppe.
  1861 | D:2      | 1861 ||| SHOPLISTING cloak (99 gold, have 87).
  1861 | D:2      | 1861 ||| SHOPLISTING helmet (99 gold, have 87).
  1861 | D:2      | 1861 ||| SHOPLISTING steaming ring mail (198 gold, have
                  | 87).
  1926 | D:2      | 1926 ||| READING scroll labelled PULLAOTTICH.
  1927 | D:2      | 1927 ||| READING scroll labelled SABENI UTYETEDY.
  2028 | D:2      | 2028 ||| READING scroll labelled ROSU POUGU.
  2032 | D:2      | 2032 ||| READING scroll labelled LUESUE BIALY.
  2033 | D:2      | 2033 ||| DRINKING 2 silvery potions.
  2034 | D:2      | 2034 ||| DROPPING potion of flight.
  2136 | D:3      | Reached XP level 4. HP: 28/28 MP: 4/4
  2223 | D:3      | 2223 ||| Stepping ~*~*~tactically~*~*~ (stealth).
  2375 | D:3      | Noticed Sigmund
  2376 | D:3      | 2376 ||| Stepping ~*~*~tactically~*~*~ (hiding).
  2393 | D:3      | HP: 6/28 [something (5)]
  2398 | D:3      | HP: 2/28 [something (4)]
  2400 | D:3      | Killed Sigmund
  2401 | D:3      | Reached skill level 5 in Axes
  2401 | D:3      | Reached XP level 5. HP: 3/32 MP: 5/5
  2547 | D:3      | Reached XP level 6. HP: 37/37 MP: 6/6
  2922 | D:3      | Found a shadowy altar of Dithmenos.
  2923 | D:3      | 2923 ||| UPGRADING to +1 pair of boots.
  3142 | D:3      | 3142 ||| READING scroll labelled USANYN LATOZ.
  3143 | D:3      | 3143 ||| READING scroll labelled POIGRIT LOARAYFAF.
  3144 | D:3      | 3144 ||| DRINKING 2 coppery potions.
  3145 | D:3      | 3145 ||| DRINKING 3 blue potions.
  3146 | D:3      | 3146 ||| DRINKING 3 sapphire potions.
  3168 | D:4      | 3168 ||| Stepping ~*~*~tactically~*~*~ (stealth).
  3173 | D:4      | 3173 ||| Stepping ~*~*~tactically~*~*~ (hiding).
  3174 | D:4      | 3174 ||| Stepping ~*~*~tactically~*~*~ (hiding).
  3176 | D:4      | 3176 ||| Stepping ~*~*~tactically~*~*~ (hiding).
  3181 | D:4      | 3181 ||| FLEEEEING.
  3182 | D:4      | 3182 ||| STAIRDANCE
  3193 | D:3      | Reached skill level 1 in Dodging
  3278 | D:4      | 3278 ||| Stepping ~*~*~tactically~*~*~ (stealth).
  3280 | D:4      | 3280 ||| Stepping ~*~*~tactically~*~*~ (hiding).
  3320 | D:4      | 3320 ||| Stepping ~*~*~tactically~*~*~ (hiding).
  3321 | D:4      | 3321 ||| Stepping ~*~*~tactically~*~*~ (hiding).
  3451 | D:4      | Reached skill level 6 in Axes
  3472 | D:4      | Reached XP level 7. HP: 43/43 MP: 7/7
  4100 | D:4      | Found Kyfig's Vocational Training.
  4253 | D:4      | 4253 ||| Stepping ~*~*~tactically~*~*~ (stealth).
  4254 | D:4      | 4254 ||| READING scroll labelled SUOPPA GUATRU.
  4255 | D:4      | 4255 ||| READING scroll labelled ICIHERIMAKA.
  4291 | D:5      | Entered Level 5 of the Dungeon
  4292 | D:5      | 4292 ||| PLANNING SEWER
  4333 | D:5      | HP: 10/43 [centaur (5)]
  4633 | D:5      | Reached skill level 7 in Axes
  4845 | D:5      | 4845 ||| Stepping ~*~*~tactically~*~*~ (stealth).
  4850 | D:5      | 4850 ||| Stepping ~*~*~tactically~*~*~ (stealth).
  4854 | D:5      | 4854 ||| DROPPING +0 flail.
  4901 | D:5      | Reached XP level 8. HP: 50/50 MP: 8/8
  5017 | D:5      | Found a glowing drain.
  5018 | D:5      | 5018 ||| READING scroll labelled NEUNU BUCIMM.
  5020 | D:5      | 5020 ||| FLEEEEING.
  5021 | D:5      | 5021 ||| FLEEEEING.
  5022 | D:5      | 5022 ||| FLEEEEING.
  5025 | D:5      | 5025 ||| RIP SEWER
  5026 | D:5      | 5026 ||| PLANNING D:1-11
  5447 | D:6      | Noticed Grinder
  5454 | D:6      | Paralysed by Grinder for 2 turns
  5456 | D:6      | Mangled by an ogre

Levels and vault maps discovered:
D:1:      psy_arrival_radial02, layout_basic
D:2:      layout_basic, serial_shops, nicolae_shop_statue_plus
D:3:      layout_loops_corners, nicolae_dithmenos_through_a_glass_darkly,
          guppyfry_early_lair_pool, uniq_sigmund
D:4:      layout_layer_cave, nicolae_shop_vocational
D:5:      layout_layer_cave, cheibrodos_sewer_entry_drain
D:6:      layout_loops_ring, mainiacjoe_overflow_surrounded_room,
          minmay_misc_feat_iff, minmay_misc_feat_diagonals,
          kennysheep_generic_room_7, uniq_grinder, uniq_crazy_yiuf_cottage

Skill      XL: |  1  2  3  4  5  6  7 |
---------------+----------------------+-----
Axes           | 2 3 5 6 7 |  7.1
Fighting       | 4 5 |  5.4
Dodging        | 1 |  1.3
Armour         | |  3.2
Shields        | |  3.2

Action                   |  1- 3 |  4- 6 |  7- 9 || total
-------------------------+-------+-------+-------++-------
Melee: War axe           |    95 |    80 |    87 ||   262
  Use: Scroll            |     6 |     2 |     3 ||    11
       Potion            |     1 |     3 |       ||     4
Armor: Scale mail        |    54 |    39 |    46 ||   139
Dodge: Dodged            |    38 |    21 |    34 ||    93
Block: Buckler           |    19 |    13 |     5 ||    37

Table legend:
 A = Non-vault XP
 B = Vault XP
 C = Vault XP percentage of total XP
 D = Non-vault monster count
 E = Vault monster count
 F = Vault count percentage of total count
                 A         B        C        D         E       F
            +---------+---------+-------+---------+---------+-------
      Total |    1023 |     225 |  18.0 |      89 |       3 |   3.3
            +---------+---------+-------+---------+---------+-------
        D:1 |      21 |       0 |   0.0 |      12 |       0 |   0.0
        D:2 |      52 |       0 |   0.0 |      21 |       0 |   0.0
        D:3 |     110 |     223 |  67.0 |      22 |       1 |   4.3
        D:4 |     356 |       0 |   0.0 |      23 |       0 |   0.0
        D:5 |     481 |       2 |   0.4 |      10 |       2 |  16.7
        D:6 |       3 |       0 |   0.0 |       1 |       0 |   0.0
            +---------+---------+-------+---------+---------+-------
